 Dungeon Crawl Stone Soup version 0.28-a0-511-gcc94558de3 (webtiles) character file.

Game seed: 12007140735628560463

1260 Squid the Covered (level 8, -8/71 HPs)
             Began as a Minotaur Berserker on Sept 21, 2021.
             Was a Priest of Trog.
             Mangled by a slime creature (15 damage)
             ... on level 5 of the Dungeon.
             The game lasted 00:10:15 (5625 turns).

Squid the Covered (Minotaur Berserker)              Turns: 5625, Time: 00:10:16

Health: -8/71      AC:  8    Str: 24    XL:     8   Next: 27%
Magic:  7/7        EV: 12    Int: 11    God:    Trog [***...]
Gold:   297        SH:  0    Dex: 10    Spells: 7/7 levels left

rFire   . . .      SeeInvis .   m - +6 falchion of Ciapsyku {speed, *Rage Int+7}
rCold   . . .      Faith    .   (no shield)
rNeg    . . .      Spirit   .   e - +2 ring mail
rPois   .          Reflect  .   (helmet restricted)
rElec   .          Harm     .   (no cloak)
rCorr   .          Rampage  .   (no gloves)
Will    .....      Rage     20% (no boots)
Stlth   +.........              (no amulet)
HPRegen 1.21/turn               (no ring)
MPRegen 0.10/turn               (no ring)

@: on berserk cooldown, slowed, very slow
A: horns 2, retaliatory headbutt, regeneration 1
a: Renounce Religion, Berserk, Trog's Hand


You were on level 5 of the Dungeon.
You worshipped Trog.
Trog was most pleased with you.
You visited 1 branch of the dungeon, and saw 5 of its levels.

You collected 319 gold pieces.
You spent 22 gold pieces at shops.

Inventory:

Hand Weapons
 m - the +6 falchion of Ciapsyku (weapon) {speed, *Rage Int+7}
   (You found it on level 4 of the Dungeon)

   Attacks with this weapon are significantly faster.
   Int:       It affects your intelligence (+7).
   *Rage:     It lets you go berserk by making a melee attack (+20% chance).
Armour
 e - a +2 ring mail (worn)
Jewellery
 n - a ring of willpower
Wands
 b - a wand of acid (6) (quivered)
 k - a wand of polymorph (5)
Scrolls
 c - a scroll of immolation
 d - 3 scrolls of magic mapping
 f - 3 scrolls of teleportation
 h - a scroll of enchant weapon
 i - a scroll of identify
Potions
 a - a potion of curing
 g - a potion of ambrosia
 j - a potion of heal wounds {unknown}
 l - a potion of mutation


   Skills:
 + Level 6.8 Fighting
 + Level 3.3 Long Blades
 - Level 6.3 Maces & Flails
 + Level 7.0 Armour
 + Level 4.6 Dodging
 - Level 0.9 Stealth
 - Level 0.2 Evocations


You had 7 spell levels left.
You didn't know any spells.
Your spell library was empty.

Dungeon Overview and Level Annotations

Branches:
Dungeon (5/15)
 Temple: D:4-7

Altars:
Fedhas
Hepliaklqana
Kikubaaqudgha
Makhleb
Qazlal
Wu Jian
Yredelemnul

Shops:
D:1 *   D:3 [


Innate Abilities, Weirdness & Mutations

You have a pair of horns on your head.
You reflexively headbutt those who attack you in melee.
Your natural rate of healing is unusually fast.


Message History

You slash the slime creature!
The slime creature is heavily wounded.
The jelly hits the fungus.
The fungus is splashed with acid.
The endoplasm hits you but does no damage.
You slash the slime creature!
The slime creature is severely wounded.
The endoplasm hits the fungus.
The fungus begins to die.
The jelly closely misses you. You furiously retaliate!
You headbutt the jelly!
You kill the jelly!
Trog accepts your kill.
The slime creature completely misses you.
You furiously retaliate!
You headbutt the slime creature! You slash the slime creature!
You kill the slime creature!
Trog accepts your kill.
A nearby fungus withers and dies.
The endoplasm jiggles.
The endoplasm freezes you.
You are frozen.
Your Long Blades skill increases to level 3!
Your Armour skill increases to level 7!
There is an open door, spattered with blood here.
You feel a strong urge to attack something.
You feel your anger nearly subside.
You are no longer berserk.
You are exhausted.
You feel yourself slow down. The slime creature hits you!
The slime creature hits you.
* * * LOW HITPOINT WARNING * * *
Really read the scroll of immolation?
As you read the scroll of immolation, it crumbles to dust.
The creatures around you are filled with an inner flame!
The slime creature hits you!
* * * LOW HITPOINT WARNING * * *
Okay, then.
It was a potion of mutation.
You feel extremely strange.
You begin to heal more quickly.
The slime creature hits you but does no damage.
The slime creature hits you!
You die...

#...# #.#.###.))..##
# #..... #.###
#.#.##..))...# #.....
#.# #.#.##.......#
####.# #.#
##.#.##.......# ..
#.# #....##.......#
#.# #...###....####
#.#####...#
#....'..##
#.........#
########.#
#..######.#
##JJ@)..##
..........###J#######
...######.##JJ.J.....
...## #.##JJ.J.÷...
....### #.##÷.JP...P.
#...#.###.##.........
#....#....##.P.....÷÷
##..###..###...P.P.P?
...## ##..###########


You could see a slime creature (inner flame), a jelly and an endoplasm (inner
flame).

Vanquished Creatures
  The ghost of rogsnak the Magician, a novice DsWz (D:4)
  A slime creature (D:5)
  A steam dragon (D:4)
  A black bear (D:5)
  2 kobold brigands (D:5)
  A bullfrog zombie (D:5)
  A hound (D:5)
  3 jellies
  A centaur skeleton (D:5)
  3 iguanas
  A hound zombie (D:4)
  Robin (D:3)
  5 adders
  A howler monkey skeleton (D:4)
  An adder zombie (D:4)
  2 adder skeletons
  3 worms
  A dart slug (D:2)
  7 orcs
  12 endoplasms
  3 giant cockroaches
  12 hobgoblins
  15 kobolds
  A quokka (D:4)
  10 ball pythons
  5 bats
  3 frilled lizards
  9 goblins
  3 rats
110 creatures vanquished.

Vanquished Creatures (others)
  2 fungi (D:5)
  10 toadstools (D:5)
12 creatures vanquished.

Grand Total: 122 creatures vanquished

Notes
Turn   | Place    | Note
-------+----------+-------------------------------------------
     0 | D:1      | Squid the Minotaur Berserker began the quest for the Orb.
     0 | D:1      | Reached XP level 1. HP: 19/19 MP: 0/0
   231 | D:1      | Reached XP level 2. HP: 27/27 MP: 1/1
   499 | D:1      | Found a faded altar of an unknown god.
   585 | D:1      | Found Neut's Assorted Antiques.
   589 | D:1      | Bought a scroll labelled JEIRPH KUXY for 22 gold pieces
   849 | D:2      | Reached XP level 3. HP: 34/34 MP: 2/2
   881 | D:2      | Reached ** piety under Trog
  1087 | D:2      | Reached XP level 4. HP: 41/41 MP: 3/3
  1469 | D:3      | Reached skill level 5 in Maces & Flails
  1550 | D:3      | Noticed Robin
  1564 | D:3      | Killed Robin
  1565 | D:3      | Reached skill level 3 in Armour
  2267 | D:3      | Found Fueqitt's Antique Armour Shop.
  2405 | D:4      | Reached skill level 5 in Fighting
  2405 | D:4      | Reached XP level 5. HP: 7/48 MP: 4/4
  2405 | D:4      | HP: 1/72 [frozen (3)]
  2409 | D:4      | Reached *** piety under Trog
  2904 | D:4      | Reached skill level 4 in Armour
  3189 | D:4      | Found a burning altar of Makhleb.
  3349 | D:4      | Found a stormy altar of Qazlal.
  3535 | D:4      | Noticed Eustachio
  3536 | D:4      | Noticed Eustachio
  3536 | D:4      | Eustachio changed into Eustachio the steam dragon
  3546 | D:4      | Killed Eustachio the steam dragon
  3547 | D:4      | Reached XP level 6. HP: 18/56 MP: 5/5
  3792 | D:4      | Found a runed translucent gate.
  3792 | D:4      | Found a runed translucent gate.
  3792 | D:4      | Found a runed translucent gate.
  3792 | D:4      | Noticed rogsnak's ghost (novice DsWz)
  3795 | D:4      | Found a basalt altar of Yredelemnul.
  3954 | D:4      | Killed rogsnak's ghost
  3955 | D:4      | Reached skill level 6 in Armour
  3955 | D:4      | Reached XP level 7. HP: 30/62 MP: 6/6
  3956 | D:4      | Identified the +6 falchion of Ciapsyku {speed, *Rage Int+7}
  4656 | D:5      | Entered Level 5 of the Dungeon
  4757 | D:5      | Found an ornate altar of the Wu Jian Council.
  4770 | D:5      | Reached skill level 1 in Long Blades
  4822 | D:5      | Found a blossoming altar of Fedhas.
  4846 | D:5      | Found an ancient bone altar of Kikubaaqudgha.
  5111 | D:5      | Found a hazy altar of Hepliaklqana.
  5298 | D:5      | Reached XP level 8. HP: 71/71 MP: 7/7
  5608 | D:5      | Noticed a slime creature
  5609 | D:5      | Noticed a slime creature
  5617 | D:5      | Killed a slime creature
  5618 | D:5      | Reached skill level 7 in Armour
  5625 | D:5      | Gained mutation: Your natural rate of healing is unusually
                  | fast. [potion of mutation]
  5625 | D:5      | Mangled by a slime creature

Illustrated notes

Levels and vault maps discovered:
D:1:      matt_arrival_grand_opening, layout_loops_ring,
          ebering_ecumenical_altar_hall, serial_shops, shop, minmay_tetromino_t2
D:2:      layout_rooms, minmay_misc_feat_doors
D:3:      layout_basic, serial_shops, shop, kennysheep_decorative_pillar,
          uniq_robin
D:4:      layout_basic, amcnicky_altar_gilded, lemuel_round_altar,
          nicolae_yredelemnul_ghost_church, minmay_misc_feat_tower,
          minmay_surrounded, uniq_eustachio
D:5:      cheibrodos_fertilizer, layout_loops_ring, old_standard_altar,
          kiku_gazebo_pond_becter, chequers_temple_overflow_statue_of_worship

Skill      XL: |  1  2  3  4  5  6  7  8 |
---------------+-------------------------+-----
Maces & Flails | 4 5 6 |  6.3
Fighting       | 4 5 6 |  6.8
Armour         | 3 4 6 7 |  7.0
Dodging        | 3 4 |  4.6
Long Blades    | 2 3 |  3.3
Stealth        | |  0.9
Evocations     | |  0.2

Action                   |  1- 3 |  4- 6 |  7- 9 || total
-------------------------+-------+-------+-------++-------
Melee: Mace              |    62 |   103 |       ||   165
       Headbutt          |     6 |    19 |     9 ||    34
       Falchion          |       |       |    55 ||    55
Invok: Berserk           |       |     5 |     2 ||     7
Evoke: Wand              |       |     2 |       ||     2
  Use: Scroll            |     4 |     4 |     4 ||    12
       Potion            |       |     4 |     1 ||     5
 Stab: Sleeping          |     1 |       |       ||     1
Armor: Animal skin       |     3 |       |       ||     3
       Ring mail         |    17 |    37 |    20 ||    74
Dodge: Dodged            |    38 |    75 |    40 ||   153

Table legend: (Time is in decaauts)
 A = Elapsed time spent in this place.
 B = Non-inter-level travel time spent in this place.
 C = Inter-level travel time spent in this place.
 D = Time resting spent in this place.
 E = Time spent auto-exploring this place.
 F = Levels seen in this place.
 G = Mean time per level.
                   A        B        C        D        E       F      G
               +--------+--------+--------+--------+--------+-----+--------+
         Total |   5745 |   5706 |     39 |   1976 |   3093 |   5 | 1149.0 |
       Dungeon |   5745 |   5706 |     39 |   1976 |   3093 |   5 | 1149.0 |
               +--------+--------+--------+--------+--------+-----+--------+

Top non-repeatable levels by time:
     D:4: 2317 daAuts
     D:5: 1007 daAuts
     D:3: 952 daAuts
     D:1: 832 daAuts
     D:2: 636 daAuts
